General information
- name: BNet
- type: Ladder 1vs1/FFA
- host: Battle.net
- saver: BEAR_AND
map: TerenasStand
- players: 2
- length: 47:09
- speed: Fast
- version: 1.28 W3XP
- replay type:

» download(154 KB)
Players
team 1 (winner)
BEAR_AND (
blue | 115 APM | 5429 actions | 47:09)
6 Blademaster
2 Wind Walk
3 Critical Strike
1 Bladestorm
4 Tauren Chieftain
2 Shockwave
2 Endurance Aura
» actions
| Assign group hotkey | 20 | |
| Basic commands | 14 | |
| Build / train | 89 | |
| ESC pressed | 2 | |
| Enter build submenu | 70 | |
| Enter hero's abilities submenu | 10 | |
| Give item / drop item | 22 | |
| Remove unit from queue | 8 | |
| Right click | 3888 | |
| Select / deselect | 708 | |
| Select group hotkey | 243 | |
| Use ability | 348 | |
5429 total
» units
| Peon | 16 | |
| Troll Batrider | 9 | |
| Troll Witch Doctor | 2 | |
27 total
» upgrades
| Ranged Weapons | 2 | |
| Reinforced Defenses | 1 | |
| Witch Doctor Training | 2 | |
| Liquid Fire | 1 | |
| Armor | 2 | |
| Troll Regeneration | 1 | |
9 total
» buildings
| Altar of Storms | 1 | |
| Orc Burrow | 3 | |
| War Mill | 1 | |
| Voodoo Lounge | 2 | |
| Watch Tower | 95 | |
| Stronghold | 3 | |
| Fortress | 1 | |
| Beastiary | 1 | |
| Spirit Lodge | 1 | |
| Great Hall | 2 | |
| Barracks | 1 | |
111 total
» build order
00:07 Altar of Storms
00:18 Orc Burrow
00:49 War Mill
01:28 Voodoo Lounge
02:05 Watch Tower
02:21 Watch Tower
02:24 Watch Tower
02:58 Stronghold
02:58 Stronghold
03:27 Watch Tower
04:14 Watch Tower
04:29 Orc Burrow
04:58 Watch Tower
04:59 Watch Tower
05:29 Watch Tower
06:04 Fortress
06:16 Beastiary
06:57 Watch Tower
06:58 Watch Tower
08:53 Spirit Lodge
09:05 Great Hall
09:09 Watch Tower
09:10 Watch Tower
09:10 Watch Tower
09:11 Watch Tower
09:12 Watch Tower
09:13 Watch Tower
10:34 Watch Tower
10:38 Watch Tower
10:40 Watch Tower
11:43 Voodoo Lounge
11:44 Watch Tower
11:47 Watch Tower
11:48 Watch Tower
11:56 Orc Burrow
13:10 Watch Tower
13:11 Watch Tower
13:12 Watch Tower
13:13 Watch Tower
13:14 Watch Tower
13:14 Watch Tower
13:42 Watch Tower
13:42 Watch Tower
14:49 Watch Tower
14:50 Watch Tower
14:51 Watch Tower
14:51 Watch Tower
15:09 Great Hall
15:17 Watch Tower
15:18 Watch Tower
15:18 Watch Tower
15:19 Watch Tower
15:19 Watch Tower
15:20 Watch Tower
16:38 Watch Tower
16:43 Watch Tower
16:45 Watch Tower
18:50 Watch Tower
18:51 Watch Tower
18:52 Watch Tower
19:58 Watch Tower
19:59 Watch Tower
19:59 Watch Tower
21:44 Watch Tower
21:45 Watch Tower
21:46 Watch Tower
21:58 Watch Tower
21:59 Watch Tower
22:00 Watch Tower
22:00 Watch Tower
22:00 Watch Tower
22:01 Watch Tower
23:28 Barracks
24:28 Watch Tower
24:29 Watch Tower
24:30 Watch Tower
24:30 Watch Tower
24:31 Watch Tower
24:31 Watch Tower
28:13 Watch Tower
28:14 Watch Tower
28:14 Watch Tower
28:15 Watch Tower
28:42 Watch Tower
28:42 Watch Tower
28:43 Watch Tower
28:45 Watch Tower
28:46 Watch Tower
28:46 Watch Tower
32:59 Watch Tower
33:00 Watch Tower
33:01 Watch Tower
33:01 Watch Tower
33:08 Watch Tower
33:09 Watch Tower
38:21 Watch Tower
38:21 Watch Tower
41:06 Watch Tower
42:30 Watch Tower
43:04 Watch Tower
43:04 Watch Tower
43:06 Watch Tower
43:07 Watch Tower
43:33 Watch Tower
43:33 Watch Tower
46:38 Watch Tower
46:39 Watch Tower
» items
| Healing Salve | 5 | |
| Lesser Clarity Potion | 11 | |
| Boots of Speed | 2 | |
| Staff of Teleportation | 3 | |
| Orb of Lightning | 2 | |
23 total
team 2 (loser)
MrAnderson007 (
purple | 63 APM | 2955 actions | 47:08)
4 Dreadlord
1 Sleep
2 Vampiric Aura
1 Carrion Swarm
1 Death Knight
1 Death Coil
1 Pit Lord
1 Cleaving Attack
» actions
| Assign group hotkey | 67 | |
| Basic commands | 58 | |
| Build / train | 163 | |
| Enter build submenu | 30 | |
| Enter hero's abilities submenu | 6 | |
| Give item / drop item | 6 | |
| Remove unit from queue | 1 | |
| Right click | 887 | |
| Select / deselect | 467 | |
| Select group hotkey | 1076 | |
| Use ability | 194 | |
2955 total
» units
| Acolyte | 33 | |
| Ghoul | 5 | |
| Goblin Shredder | 1 | |
| Crypt Fiend | 7 | |
| Gargoyle | 3 | |
| Necromancer | 12 | |
| Forest Troll Shadow Priest | 1 | |
| Obsidian Statue | 2 | |
| Meatwagon | 25 | |
| Frost Wyrm | 5 | |
94 total
» upgrades
| Cannibalize | 1 | |
| Unholy Strength | 3 | |
| Unholy Armor | 3 | |
| Creature Carapace | 3 | |
| Creature Attack | 3 | |
| Web | 1 | |
| Necromancer Training | 2 | |
| Banshee Training | 1 | |
| Skeletal Longevity | 1 | |
| Ghoul Frenzy | 1 | |
| Skeletal Mastery | 1 | |
| Disease Cloud | 1 | |
| Exhume Corpses | 1 | |
| Freezing Breath | 1 | |
23 total
» buildings
| Ziggurat | 13 | |
| Crypt | 1 | |
| Altar of Darkness | 1 | |
| Tomb of Relics | 3 | |
| Nerubian Tower | 4 | |
| Graveyard | 1 | |
| Spirit Tower | 7 | |
| Halls of the Dead | 4 | |
| Black Citadel | 1 | |
| Temple of the Damned | 1 | |
| Slaughterhouse | 1 | |
| Sacrificial Pit | 1 | |
| Necropolis | 2 | |
| Boneyard | 3 | |
43 total
» build order
00:29 Ziggurat
00:34 Crypt
00:38 Altar of Darkness
01:12 Tomb of Relics
01:33 Nerubian Tower
02:10 Ziggurat
02:31 Graveyard
04:17 Spirit Tower
04:36 Spirit Tower
04:41 Ziggurat
05:27 Halls of the Dead
09:30 Nerubian Tower
11:25 Black Citadel
11:33 Ziggurat
12:11 Ziggurat
12:17 Temple of the Damned
12:19 Slaughterhouse
12:48 Spirit Tower
16:18 Sacrificial Pit
19:14 Necropolis
19:47 Spirit Tower
20:00 Necropolis
20:29 Tomb of Relics
20:32 Ziggurat
20:59 Boneyard
21:28 Spirit Tower
21:43 Tomb of Relics
21:46 Ziggurat
22:06 Boneyard
22:12 Boneyard
22:15 Ziggurat
22:40 Spirit Tower
23:31 Ziggurat
24:20 Halls of the Dead
24:20 Halls of the Dead
24:29 Nerubian Tower
25:06 Ziggurat
25:57 Ziggurat
26:02 Ziggurat
26:59 Nerubian Tower
28:28 Spirit Tower
30:18 Halls of the Dead
30:26 Ziggurat
» items
| Rod of Necromancy | 3 | |
| Dust of Appearance | 8 | |
| Potion of Lesser Invulnerability | 1 | |
| Potion of Healing | 2 | |
14 total
Chat log
(18:02 / All) BEAR_AND: death knight second...lol
(18:25 / All) MrAnderson007: lol
(18:31 / All) MrAnderson007: little CUNT!!
(20:32 / All) BEAR_AND: hey
(20:40 / All) BEAR_AND: would you believe that we've played twice before this
(20:49 / All) MrAnderson007: really?
(20:53 / All) BEAR_AND: yeah
(21:05 / All) BEAR_AND: once on december 8, 2012
(21:19 / All) BEAR_AND: and once about a year ago, on june 29, 2016
(21:20 / All) MrAnderson007: what?
(21:24 / All) MrAnderson007: no shit
(22:19 / All) BEAR_AND: yeah
(22:23 / All) BEAR_AND: all the replays are on my website
(22:34 / All) BEAR_AND: https://highper.ch/
(24:11 / All) BEAR_AND: do you remember our previous games
(24:22 / All) MrAnderson007: nah
(24:39 / All) MrAnderson007: but, welcome back
(24:41 / All) BEAR_AND: thx
(25:02 / All) BEAR_AND: why are you teching your expo lol
(26:24 / All) BEAR_AND: you're lagging a lil just fyi
(26:39 / All) MrAnderson007: lame
(26:45 / All) BEAR_AND: i think it'll be ok
(27:10 / All) BEAR_AND: so much dust lol
(27:25 / All) MrAnderson007: it works
(27:29 / All) MrAnderson007: :)
(27:31 / All) BEAR_AND: $$$
(30:16 / All) BEAR_AND: https://highper.ch/1516.phpmranderson
(30:21 / All) BEAR_AND: https://highper.ch/2012.php?id=1v1%20mranderson007
(30:26 / All) BEAR_AND: those are our other games
(30:31 / All) MrAnderson007: k
(30:34 / All) BEAR_AND: this one will be on the frontpage when it ends
(31:27 / All) BEAR_AND: lol
(31:35 / All) BEAR_AND: try not to lose wyrms to towers
(31:37 / All) BEAR_AND: towers don't move
(33:31 / All) BEAR_AND: hey so where are you from?
(34:19 / All) BEAR_AND: hi
(37:53 / All) BEAR_AND: lol
(39:50 / All) BEAR_AND: hey
(39:50 / All) BEAR_AND: from?
(40:33 / All) BEAR_AND: lmao
(42:19 / All) BEAR_AND: you ok??
(42:32 / All) MrAnderson007: on the phonr
(42:37 / All) BEAR_AND: lol
(42:42 / All) BEAR_AND: you been on the phone all game?
(42:45 / All) MrAnderson007: LOL
(42:48 / All) MrAnderson007: YEP
(42:51 / All) BEAR_AND: it shows
(43:08 / All) MrAnderson007: getting laid tonite :)
(43:13 / All) BEAR_AND: nice
(43:14 / All) BEAR_AND: same
(47:02 / All) MrAnderson007: Oh, my girl is here LATER
(47:05 / All) BEAR_AND: lol